AoeStats
← cauliflower

Black Forest

513585435Analyzed
4v4 RM · 5d ago on Oct 14, 2026· 45m 20s· 8 players
Game mode
Random Map
Map size
Large (8 player)
Population
200
Speed
Normal
Resources
Standard
Victory
Conquest
Starting age
Dark Age
Ending age
Imperial Age
RankedLock teamsTeams togetherTeam positionsShared explorationLock speedFull tech treeHidden civsTurbo modeCheats
Victory
Defeat
🇦🇺 Poles · Australia
1423
+13
🇻🇳 Shu · Vietnam
1387
+15
🇦🇺 Byzantines · Australia
1376
+15
🇨🇳 Franks · China
1362
+16
vs
🇧🇪 Britons · Belgium
1425
-17
🇩🇪 Vietnamese · Germany
1394
-16
🇹🇷 Goths · Türkiye
1348
-14
🇬🇧 Berbers · United Kingdom
1289
-12
NYK
11:45 Feudal Age
15:42 Castle Age
17:08 Double-Bit Axe
19:07 Fishing Lines
21:36 Gillnets
23:11 Bow Saw
24:50 Wheelbarrow
26:29 Hand Cart
25:59 Horse Collar
26:29 Town Watch
26:48 Gold Mining
26:48 Stone Mining
28:07 Bloodlines
27:58 Husbandry
28:33 Caravan
28:51 Heavy Plow
29:41 Scale Barding Armor
29:46 Forging
29:32 Loom
33:12 Imperial Age
31:56 Chain Barding Armor
32:33 Iron Casting
33:15 Cavalier
35:00 Blast Furnace
34:33 Town Patrol
35:16 Plate Barding Armor
36:00 Fletching
36:33 Ballistics
37:13 Chemistry
36:45 Heavy Cavalry Archer
37:32 Thumb Ring
37:23 Bodkin Arrow
37:29 Padded Archer Armor
38:02 Kasbah
38:23 Conscription
39:15 Bracer
39:22 Siege Engineers
40:32 Leather Archer Armor
41:50 Light Cavalry
42:35 Hussar
45:33 Masonry
Zanderhino
1:03 Loom
10:44 Feudal Age
13:05 Double-Bit Axe
16:08 Horse Collar
21:26 Castle Age
19:34 Fletching
20:26 Padded Archer Armor
20:58 Gold Mining
22:04 Bodkin Arrow
21:31 Crossbowman
22:58 Bow Saw
27:08 Ballistics
33:01 Imperial Age
31:10 Wheelbarrow
33:49 Bracer
34:51 Chemistry
33:46 Arbalester
37:27 Leather Archer Armor
40:45 Conscription
Zaferr
0:34 Loom
11:10 Feudal Age
20:14 Castle Age
20:28 Castle Age
18:41 Double-Bit Axe
19:11 Stone Mining
19:57 Fletching
20:38 Gold Mining
26:44 Wheelbarrow
26:35 Horse Collar
28:55 Bow Saw
31:32 Pikeman
34:11 Heavy Plow
36:36 Hand Cart
36:07 Town Watch
44:45 Imperial Age
cauliflower
5:13 Loom
11:36 Feudal Age
15:31 Castle Age
14:25 Double-Bit Axe
14:59 Gold Mining
15:46 Crossbowman
16:53 Fletching
18:19 Padded Archer Armor
26:05 Bodkin Arrow
26:26 Leather Archer Armor
33:08 Imperial Age
30:56 Scale Barding Armor
33:14 Arbalester
33:54 Bracer
34:25 Ring Archer Armor
34:19 Ballistics
36:43 Chain Barding Armor
36:33 Forging
37:06 Bloodlines
36:57 Husbandry
40:38 Elite Battle Elephant
40:50 Elite Battle Elephant
44:30 Chatras
44:35 Horse Collar
Sodi
12:16 Feudal Age
15:55 Castle Age
14:28 Double-Bit Axe
14:23 Horse Collar
18:56 Scale Barding Armor
22:26 Bloodlines
26:08 Bow Saw
27:03 Loom
27:54 Wheelbarrow
27:05 Town Watch
27:52 Chain Barding Armor
32:31 Imperial Age
30:50 Husbandry
31:51 Szlachta Privileges
33:35 Conscription
32:56 Cavalier
33:47 Forging
35:18 Iron Casting
36:59 Blast Furnace
39:27 Treadmill Crane
39:53 Siege Engineers
40:09 Ballistics
40:03 Heavy Plow
41:23 Light Cavalry
45:08 Crop Rotation
44:31 Winged Hussar
45:36 Lechitic Legacy
thanh7531
1:15 Loom
11:35 Feudal Age
12:15 Double-Bit Axe
16:58 Castle Age
14:58 Fishing Lines
18:00 Wheelbarrow
19:05 Caravan
24:22 Town Watch
29:18 Imperial Age
26:52 Man-at-Arms
27:17 Gambesons
28:04 Gambesons
29:11 Gillnets
29:08 Horse Collar
29:23 Capped Ram
29:54 Long Swordsman
30:35 Squires
30:36 Two-Handed Swordsman
31:46 Pikeman
33:19 Hand Cart
33:13 Scale Mail Armor
33:27 Forging
34:21 Chain Mail Armor
36:34 Bow Saw
38:15 Halberdier
38:52 Siege Ram
40:52 Town Patrol
41:26 Plate Mail Armor
40:46 Fletching
40:57 Padded Archer Armor
42:51 Champion
43:07 Elite White Feather Guard
43:16 Elite Skirmisher
44:02 Thumb Ring
John
1:23 Loom
10:31 Feudal Age
13:06 Horse Collar
13:52 Double-Bit Axe
20:37 Fletching
24:41 Castle Age
23:15 Padded Archer Armor
24:49 Elite Skirmisher
25:59 Bodkin Arrow
28:02 Leather Archer Armor
31:48 Wheelbarrow
34:54 Bow Saw
42:26 Imperial Age
40:25 Heavy Plow
39:52 Pikeman
41:12 Scale Mail Armor
43:12 Squires
45:39 Forging
老头
6:57 Loom
9:32 Feudal Age
9:38 Man-at-Arms
10:59 Double-Bit Axe
23:14 Castle Age
24:22 Scale Barding Armor
24:29 Forging
29:02 Iron Casting
28:32 Fishing Lines
31:45 Wheelbarrow
31:56 Gold Mining
33:28 Chain Barding Armor
34:25 Gold Shaft Mining
34:52 Hand Cart
36:34 Gillnets
41:22 Imperial Age
39:52 Stone Mining
41:31 Cavalier
42:58 Plate Barding Armor
43:24 Blast Furnace
43:02 Paladin
Connection lost

Rejoining the realm…

Still unreachable

The connection could not be restored.

Session expired

The server has moved on; the page needs a fresh start.